 Dungeon Crawl Stone Soup version 0.22-a0-282-gdd34a7d (webtiles) character file.

239 grindst0ne the Skirmisher (level 5, -3/44 HPs)
             Began as a Demonspawn Chaos Knight on Mar 17, 2018.
             Killed by nerve-wracking pain
             ... invoked by an orc priest
              (9 damage)
             ... on level 4 of the Dungeon.
             The game lasted 00:04:51 (2589 turns).

grindst0ne the Skirmisher (Demonspawn Chaos Knight) Turns: 2589, Time: 00:04:52

Health: -3/44      AC:  9    Str: 12    XL:     5   Next: 79%
Magic:  14/14      EV: 11    Int: 13    God:    Xom [...*..]
Gold:   110        SH:  0    Dex: 14    Spells: 4/4 levels left

rFire    . . .     SeeInvis .   u - +0 war axe
rCold    . . .     Gourm    .   (no shield)
rNeg     . . .     Faith    .   b - +2 leather armour
rPois    .         Spirit   .   f - +1 helmet
rElec    .         Reflect  .   (no cloak)
rCorr    .         Harm     .   (no gloves)
MR       .....                  (no boots)
Stlth    +.........             n - amulet of magic regeneration
HPRegen  0.14/turn              o - ring of magical power
MPRegen  0.39/turn              (no ring)

@: no status effects
A: claws 1, slimy green scales 1
a: Renounce Religion


You were on level 4 of the Dungeon.
You worshipped Xom.
You were a favourite toy of Xom.
You were hungry.

You visited 1 branch of the dungeon, and saw 4 of its levels.

You collected 110 gold pieces.

Inventory:

Hand Weapons
 u - a +0 war axe (weapon)
Missiles
 e - 8 tomahawks (quivered)
 j - 3 curare-tipped needles
Armour
 b - a +2 leather armour (worn)
 f - a +1 helmet (worn)
 k - a +0 chain mail
Jewellery
 n - an amulet of magic regeneration (around neck)
 o - a ring of magical power (left claw)
Scrolls
 h - 3 scrolls of enchant armour
 i - a scroll of fear
 r - a scroll of random uselessness {unknown}
 s - a scroll of amnesia {unknown}
Potions
 g - a potion of curing {unknown}
 l - a potion of degeneration {unknown}
 m - a potion of flight {unknown}
 p - a potion of haste
 q - a potion of cancellation {unknown}
 t - a potion of agility {unknown}
Comestibles
 c - 5 rations


   Skills:
 + Level 5.1 Fighting
 + Level 4.6 Axes
 - Level 1.7 Armour
 - Level 0.8 Dodging


You had 4 spell levels left.
You didn't know any spells.

Dungeon Overview and Level Annotations

Branches:
Dungeon (4/15)
 Temple: D:4-7

Altars:
Nemelex Xobeh
Wu Jian
Xom


Innate Abilities, Weirdness & Mutations

You have sharp fingernails.
You are partially covered in slimy green scales. (AC +2)


Message History

You hit the worker ant but do no damage.
The orc misses you.
The orc completely misses your butterfly.
The orc priest closely misses you. The worker ant bites you.
* * * LOW HITPOINT WARNING * * *
The orc hits you but does no damage.
You hit the orc priest.
The orc priest is almost dead.
You hit the orc.
You kill the orc!
You hit the orc. You closely miss the worker ant.
Xom briefly touches your surroundings. The orc hits you with a war axe.
* * * LOW HITPOINT WARNING * * *
The worker ant bites you.
* * * LOW HITPOINT WARNING * * *
The orc priest mumbles some strange prayers to Beogh against you.
Pain shoots through your body!
You die...
Xom roars with laughter!

<...#.#####
..........#
..._......#
..........# .
......b...# ...
..._......#....
..b..Zo.a......
.(...o)@o.#
....####### .


You could see a worker ant, 2 orc priests, an orc and a hound skeleton.

Vanquished Creatures
  2 killer bees (D:3)
  4 gnolls (D:2)
  3 adders
  2 worms (D:2)
  3 dart slugs
  2 leopard geckos
  2 orcs (D:4)
  3 giant cockroaches (D:3)
  8 goblins
  9 hobgoblins
  4 jackals (D:2)
  3 kobolds
  2 quokkas
  9 bats
  6 frilled lizards
  A rat (shapeshifter) (D:3)
  9 rats
72 creatures vanquished.

Notes
Turn   | Place    | Note
-------+----------+-------------------------------------------
     0 | D:1      | grindst0ne the Demonspawn Chaos Knight began the quest for the Orb.
     0 | D:1      | Reached XP level 1. HP: 18/18 MP: 1/1
     5 | D:1      | XOM: divination: magic mapping
   174 | D:1      | Gained mutation: You are partially covered in slimy green scales. (AC +2) [demonic ancestry]
   174 | D:1      | Reached XP level 2. HP: 18/24 MP: 2/2
   613 | D:1      | XOM: mild Ice miscast
   758 | D:2      | Gained mutation: You have sharp fingernails. [demonic ancestry]
   758 | D:2      | Reached XP level 3. HP: 20/30 MP: 3/3
   870 | D:2      | Reached skill level 4 in Fighting
  1010 | D:2      | Found an ornate altar of the Wu Jian Council.
  1059 | D:2      | Reached XP level 4. HP: 13/37 MP: 4/4
  1584 | D:2      | XOM: swap monsters
  1926 | D:3      | XOM: cleaving
  1929 | D:3      | Reached XP level 5. HP: 12/43 MP: 5/5
  2137 | D:3      | XOM: harmless Necr miscast
  2291 | D:3      | Found a sparkling altar of Nemelex Xobeh.
  2309 | D:3      | Reached skill level 5 in Fighting
  2585 | D:4      | XOM: butterfly on damage
  2589 | D:4      | XOM: scenery: create altars
  2589 | D:4      | Killed from afar by an orc priest

Vault maps used:
D:1:      dpeg_arrival_simpleton_c
D:2:      lemuel_round_altar
D:3:      kennysheep_decorative_pillar, grunt_ministairs_5,
          nemelex_lonely_heart_becter
D:4:      dk_rats_in_the_wall

Skill      XL: |  1  2  3  4  5 |
---------------+----------------+-----
Axes           | 3 4 |  4.6
Fighting       | 4 5 |  5.1
Armour         | |  1.7
Dodging        | |  0.8

Action                   |  1- 3 |  4- 6 || total
-------------------------+-------+-------++-------
Melee: Hand axe          |    94 |   111 ||   205
       War axe           |       |     6 ||     6
  Use: Scroll            |       |     7 ||     7
       Potion            |       |     2 ||     2
 Stab: Paralysed         |       |     2 ||     2
       Sleeping          |       |     2 ||     2
  Eat: Chunk             |     1 |     4 ||     5
Armor: Leather armour    |    53 |    42 ||    95
       Skin              |       |     4 ||     4
Dodge: Dodged            |    82 |    73 ||   155

Table legend:
 A = Spawn XP
 B = Non-spawn XP
 C = Spawn XP percentage of total XP
 D = Spawn monster count
 E = Non-spawn monster count
 F = Spawn count percentage of total count
 G = Total turns spent on level
                    A         B        C        D         E        F      G
               +---------+---------+-------+---------+---------+-------+---------
         Total |       0 |     342 |   0.0 |       0 |      72 |   0.0 |  2589
               +---------+---------+-------+---------+---------+-------+---------
           D:1 |       0 |      30 |   0.0 |       0 |      16 |   0.0 |  1069
           D:2 |       0 |     126 |   0.0 |       0 |      29 |   0.0 |   728
           D:3 |       0 |     178 |   0.0 |       0 |      24 |   0.0 |   786
           D:4 |       0 |       8 |   0.0 |       0 |       3 |   0.0 |     6
               +---------+---------+-------+---------+---------+-------+---------
